 Dungeon Crawl Stone Soup version 0.26-a0-597-gb535b0901c (webtiles) character file.

Game seed: 494742311863460183

34476 Fingolfin the Exorcist (level 13, -24/107 HPs)
             Began as a Hill Orc Summoner on Aug 25, 2020.
             Was an Elder of the Shining One.
             Annihilated by an ettin
             ... wielding a +0 dire flail
              (37 damage)
             ... on level 1 of the Orcish Mines on Aug 31, 2020.
             The game lasted 01:26:46 (20926 turns).

Fingolfin the Exorcist (Hill Orc Summoner)         Turns: 20926, Time: 01:26:48

Health: -24/107    AC: 12    Str: 21    XL:     13   Next: 77%
Magic:  19/19      EV:  9    Int: 19    God:    the Shining One [****..]
Gold:   1044       SH:  6    Dex: 11    Spells: 6/20 levels left

rFire    . . .     SeeInvis .   H - +7 Singing Sword {vorpal, sonic wave}
rCold    . . .     Faith    .   L - +2 buckler
rNeg     + + .     Spirit   .   A - +0 chain mail
rPois    .         Reflect  .   (no helmet)
rElec    .         Harm     .   (no cloak)
rCorr    .                      k - +2 pair of gloves
MR       ++...                  (no boots)
Stlth    ..........             P - amulet of regeneration
HPRegen  0.67/turn              w - ring "Sosuxt" {Str+6 Slay+4}
MPRegen  0.16/turn              M - ring of the Mage {Wiz MR++ Int+3}

@: glowing
A: no striking features
a: Divine Shield, Cleansing Flame, Renounce Religion


You were on level 1 of the Orcish Mines.
You worshipped the Shining One.
The Shining One was greatly pleased with you.
You visited 4 branches of the dungeon, and saw 17 of its levels.

You collected 1044 gold pieces.

Inventory:

Hand Weapons
 a - a +0 hand axe of electrocution
 b - a +3 falchion
 H - the +7 Singing Sword (weapon) {vorpal, sonic wave}
   (You found it on level 6 of the Lair of Beasts)

   It inflicts extra damage upon your enemies.
Missiles
 g - 422 stones
 n - 75 poisoned darts
 u - 4 boomerangs (quivered)
 C - 7 javelins
 U - 5 silver javelins
Armour
 k - a +2 pair of gloves (worn)
 A - a +0 chain mail (worn)
 L - a +2 buckler (worn)
Jewellery
 w - the ring "Sosuxt" (left hand) {Str+6 Slay+4}
   (You found it on level 4 of the Dungeon)

   [ring of slaying]

   It affects your strength (+6).
   It affects your accuracy and damage with ranged weapons and melee attacks
   (+4).
 G - an uncursed ring of wizardry
 J - an uncursed ring of protection from magic
 M - the ring of the Mage (right hand) {Wiz MR++ Int+3}
   (You found it on level 9 of the Dungeon)

   [ring of wizardry]

   It improves your spell success rate.
   It affects your intelligence (+3).
   It affects your resistance to hostile enchantments.
 O - an uncursed ring of resist corrosion
 P - an amulet of regeneration (around neck)
 Q - an uncursed ring of protection from cold
 T - an uncursed ring of protection from cold
Wands
 h - a wand of acid (4)
 v - a wand of paralysis (10)
 I - a wand of iceblast (16)
 K - a wand of enslavement (4)
 R - a wand of polymorph (16)
 S - a wand of disintegration (27)
Scrolls
 f - 5 scrolls of remove curse
 i - 9 scrolls of teleportation
 l - 3 scrolls of amnesia
 o - 3 scrolls of magic mapping
 x - 2 scrolls of immolation
 y - 2 scrolls of silence
 E - a scroll of enchant armour
 N - 2 scrolls of fog {unknown}
 V - a scroll of vulnerability {unknown}
 W - a scroll of blinking {unknown}
Potions
 c - 2 potions of cancellation
 d - a potion of stabbing {unknown}
 e - 2 potions of mutation
 j - a potion of magic {unknown}
 m - 2 potions of curing
 p - 3 potions of brilliance
 q - a potion of berserk rage {unknown}
 r - 6 potions of haste
 s - 3 potions of heal wounds
 t - 3 potions of resistance
 z - a potion of might {unknown}
 B - 4 potions of flight
 F - 2 potions of lignification {unknown}
Miscellaneous
 D - a phantom mirror


   Skills:
 - Level 8.0 Fighting
 - Level 6.0 Long Blades
 - Level 8.0 Axes
 - Level 6.0 Throwing
 + Level 4.4 Armour
 + Level 4.2 Dodging
 - Level 1.5 Stealth
 - Level 4.0 Shields
 - Level 4.0 Spellcasting
 - Level 8.0 Summonings
 - Level 8.0 Ice Magic
 - Level 8.0 Air Magic
 - Level 8.1 Invocations
 - Level 8.0 Evocations


You had 6 spell levels left.
You knew the following spells:

 Your Spells              Type           Power        Failure   Level
a - Summon Small Mammal   Summ           ####         1%          1
b - Call Imp              Summ           ####....     2%          2
c - Call Canine Familiar  Summ           ####....     6%          3
d - Summon Ice Beast      Ice/Summ       ####....     17%         4
e - Summon Lightning Spi  Summ/Air       ####....     17%         4

Your spell library contained the following spells:

 Spells                   Type           Power        Failure   Level
 Summon Guardian Golem    Hex/Summ       ###.....     26%         3
 Animate Skeleton         Necr           #.....       43%         1
 Sandblast                Erth           #.....       43%         1
 Passwall                 Tmut/Erth      #.......     56%         2
 Stone Arrow              Conj/Erth      #.....       78%         3
 Petrify                  Tmut/Erth      #.......     99%         4
 Lee's Rapid Deconstruct  Erth           #.........   100%        5


Dungeon Overview and Level Annotations

Branches:
Dungeon (9/15)             Temple (1/1) D:5            Lair (6/6) D:9
  Swamp (0/4) Lair:4        Snake (0/4) Lair:3        Slime (0/5) Lair:6
    Orc (1/2) D:9

Altars:
Ashenzari
Cheibriados
Dithmenos
Elyvilon
Fedhas
Gozag
Hepliaklqana
Kikubaaqudgha
Makhleb
Nemelex Xobeh
Okawaru
Qazlal
Ru
Sif Muna
Trog
Uskayaw
Vehumet
Wu Jian
Xom
Yredelemnul
Zin
The Shining One
Lugonu

Annotations:
Lair:2 1 runed translucent door, Pioss's ghost, journeyman DDFi
Lair:5 2 transporters
Lair:6 3 runed translucent doors, p0werm0de's ghost, journeyman DDFi


Message History

The ettin hits you with a +0 dire flail of protection!
You hit the ettin.
The Singing Sword yells, "Steel will triumph where flesh falters!"
You send a blast of sound all around you.
The ettin is blasted.
The ettin is almost dead. x2
The ettin hits you with a +0 dire flail.
You block the ettin's attack.
You hit the ettin but do no damage.
The ettin is almost dead.
The ettin hits you with a +0 dire flail!
The ettin hits you with a +0 dire flail of protection!!
* * * LOW HITPOINT WARNING * * *
Evoke which item? (* to show all) (? for menu, Esc to quit)
Aiming: Disintegrate
Press: ? - help, Shift-Dir - straight line, f - ettin
Aim: an ettin, wielding a +0 dire flail and a +0 dire flail of protection (severely wounded, haloed, chance to defeat MR: 76%)
The ettin barely resists.
The ettin closely misses you.
The ettin hits you with a +0 dire flail of protection!!!
You die...

#....##............
##....#..#.#..#........
###....####......#.#.
#.....###....##...
##.....##........
#.........#....#
##.##.....##...##
###.....###C...#
###....#.@^..#
#.#......### ###......#
#...#.## ##..### ##.#
###


You could see an ettin.

Vanquished Creatures
  Fannar (Lair:2)
  4 hydras
  A catoblepas (Lair:6)
  2 death yaks (Lair:6)
  8 elephants (Lair:6)
  2 black mambas (Lair:3)
  Psyche (D:8)
  7 cane toads
  A torpor snail (Lair:4)
  2 komodo dragons
  2 trolls
  4 polar bears (Lair:1)
  A hornet (D:8)
  13 blink frogs
  3 dream sheep
  A bog body (Lair:4)
  2 hippogriffs
  Sigmund (D:3)
  23 yaks
  A wyvern (Lair:6)
  5 nameless horrors
  4 basilisks
  A naga (Lair:3)
  5 porcupines
  6 water moccasins
  A sky beast (D:7)
  3 orc warriors
  2 phantoms
  5 black bears (Lair:1)
  A necrophage (D:9)
  7 ogres
  An ice beast (D:7)
  20 wolves
  4 centaurs
  9 crocodiles
  A big kobold (D:5)
  7 bullfrogs
  A scorpion (D:6)
  A water moccasin skeleton (D:7)
  3 killer bees (D:9)
  2 electric eels (D:9)
  3 howler monkeys (D:7)
  A crimson imp (D:8)
  2 centaur zombies
  6 hounds
  2 orc priests
  2 bullfrog skeletons
  3 orc wizards
  4 worker ants
  2 killer bee zombies
  A hound zombie (D:6)
  2 hound skeletons
  3 worker ant zombies
  9 adders
  A shadow imp (D:5)
  4 white imps
  3 ufetubi
  An ooze (D:1)
  2 worms
  6 leopard geckos
  19 orcs
  6 bats
  4 giant cockroaches
  17 goblins
  8 hobgoblins
  7 jackals
  4 quokkas
  4 frilled lizards
  A jackal zombie (D:5)
  14 kobolds
  A leopard gecko skeleton (D:5)
  A leopard gecko zombie (D:8)
  A quokka skeleton (D:4)
  A quokka zombie (D:9)
  13 rats
327 creatures vanquished.

Vanquished Creatures (collateral kills)
  A dire elephant (Lair:6)
  A hydra (Lair:4)
  A deep troll shaman (Lair:6)
  2 death yaks (Lair:6)
  A black mamba (Lair:6)
  2 cane toads
  6 komodo dragons
  5 blink frogs
  3 polar bears
  6 dream sheep
  3 bog bodies (Lair:4)
  12 yaks
  6 water moccasins
  2 nagas (Lair:3)
  2 porcupines
  A black bear (Lair:6)
  4 wolves
  5 crocodiles
  A howler monkey (D:6)
  An orc priest (D:5)
  An orc wizard (D:6)
  2 orcs
  A bat (D:1)
  A kobold (D:1)
  A rat (D:1)
71 creatures vanquished.

Vanquished Creatures (others)
  An electric eel (Lair:4)
  41 fungi
  45 plants
87 creatures vanquished.

Grand Total: 485 creatures vanquished

Notes
Turn   | Place    | Note
-------+----------+-------------------------------------------
     0 | D:1      | Fingolfin the Hill Orc Summoner began the quest for the
                  | Orb.
     0 | D:1      | Reached XP level 1. HP: 14/14 MP: 3/3
   176 | D:1      | Reached skill level 1 in Fighting
   549 | D:1      | Reached XP level 2. HP: 21/24 MP: 4/4
   841 | D:1      | Learned a level 2 spell: Call Imp
   926 | D:1      | Reached XP level 3. HP: 29/31 MP: 5/5
  1107 | D:1      | Found a shimmering altar of Xom.
  1711 | D:2      | Reached XP level 4. HP: 37/40 MP: 6/6
  2114 | D:2      | Reached skill level 5 in Fighting
  2466 | D:3      | Reached XP level 5. HP: 41/48 MP: 7/7
  2487 | D:3      | Found a white marble altar of Elyvilon.
  2605 | D:3      | Found a hide-covered altar of Uskayaw.
  2605 | D:3      | Noticed a +0 hand axe
  2606 | D:3      | Noticed a +0 hand axe
  2967 | D:3      | Noticed Sigmund
  3207 | D:3      | Killed Sigmund
  3207 | D:3      | Reached XP level 6. HP: 40/57 MP: 8/8
  3228 | D:3      | Found a shimmering blue altar of Sif Muna.
  3481 | D:3      | Learned a level 3 spell: Call Canine Familiar
  3659 | D:4      | Reached skill level 1 in Shields
  3723 | D:4      | Reached XP level 7. HP: 38/63 MP: 9/9
  4090 | D:4      | Got a brightly glowing bone ring
  4233 | D:4      | Found a glowing golden altar of the Shining One.
  4237 | D:4      | Became a worshipper of the Shining One
  4496 | D:5      | Entered Level 5 of the Dungeon
  4579 | D:5      | Found a staircase to the Ecumenical Temple.
  4587 | Temple   | Entered the Ecumenical Temple
  4680 | D:5      | Reached skill level 1 in Throwing
  4704 | D:5      | Identified the ring "Sosuxt" {Str+6 Slay+4} (You found it
                  | on level 4 of the Dungeon)
  4729 | D:5      | Reached XP level 8. HP: 14/70 MP: 10/10
  5074 | D:5      | Found a blossoming altar of Fedhas.
  5182 | D:5      | Found an ancient bone altar of Kikubaaqudgha.
  5662 | D:6      | Reached skill level 1 in Invocations
  5713 | D:6      | Reached * piety under the Shining One
  5949 | D:6      | Found a shattered altar of Ashenzari.
  5949 | D:6      | Found a stormy altar of Qazlal.
  5949 | D:6      | Found a shadowy altar of Dithmenos.
  5949 | D:6      | Found a sparkling altar of Nemelex Xobeh.
  5949 | D:6      | Found a radiant altar of Vehumet.
  5954 | D:6      | Found a sacrificial altar of Ru.
  5954 | D:6      | Found a hazy altar of Hepliaklqana.
  6022 | D:6      | Reached skill level 5 in Invocations
  6267 | D:6      | Reached skill level 1 in Evocations
  6267 | D:6      | Reached XP level 9. HP: 75/75 MP: 13/13
  6782 | D:7      | Found a bloodstained altar of Trog.
  7043 | D:7      | Reached skill level 5 in Summonings
  7121 | D:7      | Found a shimmering blue altar of Sif Muna.
  7126 | D:7      | Found an iron altar of Okawaru.
  7641 | D:8      | Noticed Psyche
  7734 | D:8      | Noticed a hornet
  7741 | D:8      | Killed a hornet
  7974 | D:8      | Reached ** piety under the Shining One
  8153 | D:8      | Found a burning altar of Makhleb.
  8154 | D:8      | Reached skill level 5 in Long Blades
  8222 | D:8      | Reached XP level 10. HP: 57/83 MP: 14/14
  8336 | D:3      | Identified Sif Muna's Volume of Black Rituals
  8481 | D:8      | Killed Psyche
  8649 | D:8      | Reached skill level 5 in Throwing
  8982 | D:9      | Found a staircase to the Orcish Mines.
  9020 | D:9      | Reached skill level 1 in Axes
  9461 | D:9      | Found a staircase to the Lair.
  9823 | D:9      | Reached skill level 5 in Axes
  9845 | D:9      | Reached *** piety under the Shining One
  9879 | D:9      | Found the ring of the Mage {Wiz MR++ Int+3}
 10456 | Lair:1   | Entered Level 1 of the Lair of Beasts
 10507 | Lair:1   | Reached XP level 11. HP: 54/94 MP: 15/15
 10518 | Lair:1   | Learned a level 4 spell: Summon Ice Beast
 10860 | Lair:1   | Reached skill level 1 in Ice Magic
 12042 | Lair:2   | Learned a level 4 spell: Summon Lightning Spire
 12188 | Lair:2   | Got a bloodstained robe
 12199 | Lair:2   | Identified the cursed +1 robe of Wasted Space {Str+6
                  | Slay+2} (You found it on level 2 of the Lair of Beasts)
 12468 | Lair:2   | Noticed a four-headed hydra
 12529 | Lair:2   | Killed a four-headed hydra
 12529 | Lair:2   | Reached skill level 1 in Air Magic
 13315 | Lair:2   | Found a runed translucent door.
 13315 | Lair:2   | Noticed Pioss's ghost (journeyman DDFi)
 13508 | Lair:2   | Noticed Fannar
 13530 | Lair:2   | Killed Fannar
 13728 | Lair:2   | Found a shimmering altar of Xom.
 13947 | Lair:3   | Reached XP level 12. HP: 39/101 MP: 18/18
 14346 | Lair:3   | Upgraded the game from 0.26-a0-540-g8a0c9464d7 to
                  | 0.26-a0-597-gb535b0901c
 14821 | Lair:3   | Reached skill level 5 in Evocations
 15164 | Lair:3   | Reached skill level 5 in Ice Magic
 15185 | Lair:3   | Found a staircase to the Snake Pit.
 15703 | Lair:4   | Noticed a four-headed hydra
 15703 | Lair:4   | Reached **** piety under the Shining One
 15724 | Lair:4   | Killed a ten-headed hydra
 16663 | Lair:4   | Reached skill level 5 in Air Magic
 17048 | Lair:4   | Found a staircase to the Swamp.
 17346 | Lair:5   | Noticed a six-headed hydra
 17362 | Lair:5   | Killed a ten-headed hydra
 17622 | Lair:5   | Found a transporter.
 17652 | Lair:5   | Found a transporter.
 17681 | Lair:5   | Reached XP level 13. HP: 94/107 MP: 19/19
 18134 | Lair:6   | Entered Level 6 of the Lair of Beasts
 19916 | Lair:6   | Noticed a dire elephant
 19935 | Lair:6   | Killed a dire elephant
 20061 | Lair:6   | Found the +7 Singing Sword {vorpal, sonic wave}
 20341 | Lair:6   | Found a runed translucent gate.
 20341 | Lair:6   | Found a runed translucent gate.
 20341 | Lair:6   | Found a runed translucent gate.
 20346 | Lair:6   | Noticed p0werm0de's ghost (journeyman DDFi)
 20552 | Lair:6   | Found a staircase to the Slime Pits.
 20872 | Orc:1    | Entered Level 1 of the Orcish Mines
 20919 | Orc:1    | Noticed an ettin
 20926 | Orc:1    | Annihilated by an ettin

Illustrated notes

Levels and vault maps discovered:
D:1:      lightli_arrival_quake, layout_basic, minivault_14, solitary_fountain,
          chequers_garden, xom_teletrap_fun
D:2:      layout_loops_ring, kennysheep_cross_room, minmay_pentomino_p2
D:3:      layout_loops_corners, dancing_weapons_uskayaw, elyvilon_altar_5,
          led_sif_book, uniq_sigmund
D:4:      layout_loops_ring, overflow_temple_1_default
D:5:      cheibrodos_thug_alley, layout_basic, old_standard_altar,
          lemuel_doored_altar, minmay_temple_entry_proselytizer,
          nrook_mini_vaults, minmay_ogre_servants
D:6:      layout_loops_cross, grunt_temple_overflow_open
D:7:      layout_basic, kennysheep_okawaru_gauntlet,
          nicolae_overflow_hidden_temple, basic_altar, hangedman_decor_riveting
D:8:      layout_cave_pools, makhleb_grotto_becter, hangedman_glass_teeth,
          minmay_misc_feat_four_crosses, uniq_psyche
D:9:      layout_loops_ring, erik_lair_island, david_orc_2
Temple:   corrupted_temple
Lair:1:   beast_lair_carwin_large_1, layout_gridlike, infiniplex_staircase_pool
Lair:2:   layout_roguey, basic_altar, gammafunk_ghost_grave, uniq_fannar
Lair:3:   layout_loops_ring, guppyfry_snake_entry_island, minivault_19,
          grunt_megastairs_4
Lair:4:   layout_roguey, nicolae_swamp_entry_splash_gauntlet, grunt_megastairs_5
Lair:5:   gammafunk_cloud_chamber, layout_gridlike, wad_woods_road_02,
          chequers_serial_rivers_micro_c, patterned_corridor, grunt_megastairs_3
Lair:6:   grunt_lair_end_beastmaster, layout_cave_pods, dpeg_slime_entry_corner,
          ebering_ghost_rock_garden, lemuel_fruit_tree, lemuel_fruit_fields
Orc:1:    layout_diamond_mine

Skill      XL: |  1  2  3  4  5  6  7  8  9 10 11 12 13 |
---------------+----------------------------------------+-----
Fighting       | 1 3 4 5 6 8 |  8.0
Armour         | 3 4 |  4.4
Shields        | 1 4 |  4.0
Dodging        | 2 3 4 |  4.2
Throwing       | 1 4 6 |  6.0
Invocations    | 6 8 |  8.1
Evocations     | 1 4 7 8 |  8.0
Summonings     | 6 7 8 |  8.0
Long Blades    | 5 6 |  6.0
Axes           | 7 8 |  8.0
Ice Magic      | 3 6 8 |  8.0
Spellcasting   | 3 4 |  4.0
Air Magic      | 2 5 8 |  8.0
Stealth        | |  1.5

Action                   |  1- 3 |  4- 6 |  7- 9 | 10-12 | 13-15 || total
-------------------------+-------+-------+-------+-------+-------++-------
Melee: Short sword       |   115 |   132 |   256 |       |       ||   503
       Unarmed           |    12 |       |       |       |       ||    12
       Falchion          |       |       |    97 |   425 |   160 ||   682
       Hand axe          |       |       |       |   194 |       ||   194
       Double sword      |       |       |       |       |    27 ||    27
Throw: Dart              |       |       |    20 |    13 |       ||    33
       Stone             |       |       |     4 |       |       ||     4
       Javelin           |       |       |       |    19 |       ||    19
       Boomerang         |       |       |       |    21 |     5 ||    26
 Cast: Summon Small Mamm |     8 |       |       |       |       ||     8
       Call Canine Famil |       |     1 |     6 |    25 |    15 ||    47
       Summon Ice Beast  |       |       |       |    32 |    20 ||    52
       Summon Lightning  |       |       |       |     4 |    14 ||    18
Invok: Divine Shield     |       |       |       |     3 |       ||     3
Evoke: Wand              |       |       |       |     9 |    13 ||    22
  Use: Scroll            |       |     3 |     7 |     9 |     4 ||    23
       Potion            |       |       |       |     6 |       ||     6
 Stab: Sleeping          |     5 |       |       |       |       ||     5
Armor: Robe              |    21 |       |       |     1 |       ||    22
       Leather armour    |    11 |       |       |       |       ||    11
       Ring mail         |     7 |    42 |    11 |       |       ||    60
       Scale mail        |       |       |    70 |       |       ||    70
       Chain mail        |       |       |    81 |   236 |    77 ||   394
Dodge: Dodged            |    77 |    66 |   190 |   244 |    87 ||   664
Block: Buckler           |     1 |    10 |    33 |   223 |    69 ||   336
       Rpst.: Falchion   |       |       |     9 |    55 |    19 ||    83
       Double sword      |       |       |       |       |     4 ||     4

Table legend: (Time is in decaauts)
 A = Elapsed time spent in this place.
 B = Non-inter-level travel time spent in this place.
 C = Inter-level travel time spent in this place.
 D = Time resting spent in this place.
 E = Time spent auto-exploring this place.
 F = Levels seen in this place.
 G = Mean time per level.
                   A        B        C        D        E       F      G
               +--------+--------+--------+--------+--------+-----+--------+
         Total |  21041 |  19648 |   1393 |   6612 |   8407 |  17 | 1237.7 |
       Dungeon |  10559 |   9745 |    814 |   2732 |   4494 |   9 | 1173.2 |
        Temple |     39 |     27 |     12 |      0 |     26 |   1 |   39.0 |
          Lair |  10386 |   9820 |    566 |   3880 |   3851 |   6 | 1731.0 |
  Orcish Mines |     55 |     55 |      0 |      0 |     36 |   1 |   55.0 |
               +--------+--------+--------+--------+--------+-----+--------+

Top non-repeatable levels by time:
  Lair:6: 2415 daAuts
  Lair:2: 2256 daAuts
     D:9: 1675 daAuts
  Lair:4: 1589 daAuts
  Lair:3: 1583 daAuts
     D:1: 1532 daAuts
  Lair:1: 1520 daAuts
     D:7: 1331 daAuts
     D:4: 1199 daAuts
     D:3: 1122 daAuts
     D:2: 1028 daAuts
     D:5: 1023 daAuts
  Lair:5: 1021 daAuts
     D:6: 894 daAuts
     D:8: 752 daAuts
